 Seeded DCSS version 0.30-a0-883-g5ad918d77d (webtiles) character file.

Game seed: 15748772131455733785 (custom seed)

51 Parcival the Trooper (level 3, -1/33 HPs)
             Began as a Minotaur Fighter on Mar 16, 2023.
             Succumbed to an adder's poison
             ... on level 2 of the Dungeon.
             The game lasted 00:04:24 (1251 turns).

Parcival the Trooper (Minotaur Fighter)             Turns: 1251, Time: 00:04:24

Health: -1/33      AC: 11    Str: 28    XL:     3   Next: 57%
Magic:  2/2        EV:  7    Int:  5    God:
Gold:   62         SH:  4    Dex:  9    Spells: 2/2 levels left

rFire   . . .      SeeInvis .    f - +0 broad axe
rCold   . . .      Faith    .    c - +0 buckler
rNeg    . . .      Spirit   .    e - +0 plate armour
rPois   .          Reflect  .    (helmet restricted)
rElec   .          Rampage  .    (no cloak)
rCorr   .                        (no gloves)
Will    .....                    (no boots) Stlth
                                 (no amulet)
HPRegen 0.25/turn                i - +6 ring of strength
MPRegen 0.08/turn                (no ring)

@: mighty, lethally poisoned (-1 -> -4)
A: horns 2, retaliatory headbutt
a: no special abilities


You were on level 2 of the Dungeon.
You visited 1 branch of the dungeon, and saw 2 of its levels.

You collected 62 gold pieces.

Inventory:

Hand Weapons
 a - a +0 war axe
 f - a +0 broad axe (weapon)
Armour
 b - a +0 scale mail
 c - a +0 buckler (worn)
 e - a +0 plate armour (worn)
Jewellery
 i - a +6 ring of strength (left hand)
 o - a ring of poison resistance
Wands
 n - a wand of polymorph (9)
Scrolls
 g - a scroll of fog
 l - a scroll of fear {unknown}
Potions
 h - 2 potions of mutation {unknown}
 j - a potion of brilliance {unknown}
 k - a potion of heal wounds {unknown}
 m - a potion of lignification {unknown}


   Skills:
 + Level 4.1 Fighting
 + Level 3.4 Axes
 + Level 4.1 Armour
 + Level 0.1 Stealth
 + Level 4.0 Shields


You had 2 spell levels left.
You didn't know any spells.
Your spell library contained the following spells:

 Spells                   Type           Power      Damage    Failure   Level
 Ignite Poison            Fire/Tmut/Pois 0%         N/A       100%        3
 Kindle Blastsparks       Fire/Tloc/Air  0%         2d10      100%        3
 Freezing Cloud           Conj/Ice/Air   0%         6-21      100%        5


Dungeon Overview and Level Annotations

Branches:
Dungeon (2/15)

Altars:


Innate Abilities, Weirdness & Mutations

You have a pair of horns on your head.
You reflexively headbutt those who attack you in melee.


Message History

You feel very sick. The adder bites you but does no damage.
The adder barely misses you.
You closely miss the adder.
You feel sick. The adder barely misses you.
The adder bites you but does no damage.
Unknown command.
You barely miss the adder.
You feel sick. The adder bites you but does no damage.
The adder barely misses you.
You miss the adder.
You feel sick. You block the adder's attack. The adder bites you.
You are more poisoned.
The adder poisons you!
Unknown command.
You closely miss the adder.
You feel very sick. You block the adder's attack.
The adder bites you but does no damage.
Unknown command.
You hit the adder.
The adder is lightly wounded.
You feel sick.
The adder bites you but does no damage. x2
You hit the adder.
The adder is heavily wounded.
You feel sick. The adder closely misses you. The adder bites you.
* * * LOW HITPOINT WARNING * * *
You barely miss the adder. Your headbutt misses the adder.
The adder is heavily wounded.
You feel sick. The adder closely misses you. The adder bites you.
* * * LOW HITPOINT WARNING * * *
You are lethally poisoned!
The adder poisons you!
You barely miss the adder.
The adder is heavily wounded.
* * * LOW HITPOINT WARNING * * *
You feel sick. The adder bites you but does no damage.
The adder barely misses you.
You feel very mighty all of a sudden.
* * * LOW HITPOINT WARNING * * *
You feel sick. The adder bites you but does no damage.
You miss the adder.
The adder is heavily wounded.
You die...

.## .... ..... .....
. #.....
..#.######......
...............
.##.###.@.......
....)..)S.......
.........†......
######$..<$...#
#.........
#####.#...#..##
##.............
#.............. .#
#.######.#...#.###.#
.#


You could see an adder.

Vanquished Creatures
  An adder (D:2)
  6 endoplasms
  2 giant cockroaches (D:1)
  3 goblins
  5 hobgoblins
  5 jackals
  5 ball pythons
  4 frilled lizards
  3 kobolds
  3 rats
37 creatures vanquished.

Notes
Turn   | Place    | Note
-------+----------+-------------------------------------------
     0 | D:1      | Parcival the Minotaur Fighter began the quest for the Orb.
     0 | D:1      | Reached XP level 1. HP: 19/19 MP: 0/0
   144 | D:1      | Reached XP level 2. HP: 27/27 MP: 1/1
   965 | D:2      | Reached XP level 3. HP: 33/33 MP: 2/2
  1249 | D:2      | HP: 1/33 [poisoned by an adder]
  1251 | D:2      | Succumbed to an adder's poison

Illustrated notes

Levels and vault maps discovered:
D:1:      dpeg_arrival_brainrot, layout_basic, hangedman_decor_growths,
          minmay_misc_feat_rugged, nicolae_titane
D:2:      minmay_recursive_quarters, layout_basic,
          dreamdust_ecumenical_altar_sealed_demon, serial_glass,
          glass_columns_c, glass_columns_a, hex_tiny

Skill      XL: |  1  2 |
---------------+-------+-----
Fighting       | 4 |  4.1
Shields        | 4 |  4.0
Armour         | 4 |  4.1
Axes           | 3 |  3.4
Stealth        | |  0.1

Action                     || total
---------------------------++-------
  Melee: Broad axe         ||    63
         War axe           ||     2
         Headbutt          ||     6
    Use: Scroll            ||     1
         Potion            ||     1
 Armour: Plate armour      ||    70
  Dodge: Dodged            ||    32
  Block: Buckler           ||    22

Table legend: (Time is in decaauts)
 A = Elapsed time spent in this place.
 B = Non-inter-level travel time spent in this place.
 C = Inter-level travel time spent in this place.
 D = Time resting spent in this place.
 E = Time spent auto-exploring this place.
 F = Levels seen in this place.
 G = Mean time per level.
                   A        B        C        D        E       F      G
               +--------+--------+--------+--------+--------+-----+--------+
         Total |   1280 |   1233 |     47 |      0 |    921 |   2 |  640.0 |
       Dungeon |   1280 |   1233 |     47 |      0 |    921 |   2 |  640.0 |
               +--------+--------+--------+--------+--------+-----+--------+

Top non-repeatable levels by time:
     D:1: 961 daAuts
     D:2: 319 daAuts
